 Dungeon Crawl Stone Soup version 0.31-a0-1370-gf52a5a9ab3 (webtiles) character file.

Game seed: 9850706503835933436

7934 Inarius the Covert (level 11, -8/68 HPs)
             Began as a Kobold Chaos Knight on Dec 23, 2023.
             Was a Plaything of Xom.
             Killed by an exploding orc (20 damage)
             ... ignited by their inner flame
             ... on level 11 of the Dungeon.
             The game lasted 00:17:47 (11279 turns).

Inarius the Covert (Kobold Chaos Knight)           Turns: 11279, Time: 00:17:48

Health: -8/68      AC: 19    Str:  9      XL:     11   Next: 46%
Magic:  11/11      EV: 10    Int: 14      God:    Xom [*.....]
Gold:   533        SH:  9    Dex: 16 (17) Spells: 10/10 levels left

rFire   + . .        a - +0 short sword (chaos)
rCold   . . .        J - +0 kite shield
rNeg    . . .        o - +5 scale mail of the Swamp {Slay+2}
rPois   +            (helmet restricted)
rElec   .            v - +2 cloak
rCorr   .            (no gloves)
SInv    .            (no boots)
Will    .....        (no amulet)
Stlth   ++++         l - ring of protection from fire
HPRegen 0.31/turn    (no ring)
MPRegen 0.12/turn

%: no passive effects
@: no status effects
A: small, no large weapons, nightstalker 3, antennae 1, iridescent scales 2,
poison resistance, weak 1
a: Renounce Religion


You were on level 11 of the Dungeon.
You worshipped Xom.
You were a special plaything of Xom.
You visited 1 branch of the dungeon, and saw 11 of its levels.

You collected 533 gold pieces.

Inventory:

Hand Weapons
 a - a +0 short sword of chaos (weapon)
 E - a +0 rapier
Missiles
 B - a throwing net
Armour
 b - a +2 leather armour
 o - the +5 scale mail of the Swamp (worn) {Slay+2}
   (You found it on level 2 of the Dungeon)

   Slay+2:    It affects your accuracy & damage with ranged weapons and melee
   (+2).
 t - a scarf of repulsion
 v - a +2 cloak (worn)
 J - a +0 kite shield (worn)
Jewellery
 l - a ring of protection from fire (left hand)
 H - an amulet of magic regeneration
 L - a +4 ring of protection
Wands
 y - a wand of flame (17)
 N - a wand of roots (2)
Scrolls
 c - a scroll of butterflies
 d - 4 scrolls of enchant armour
 f - a scroll of fog {unknown}
 g - 2 scrolls of brand weapon
 h - a scroll of amnesia
 k - 4 scrolls of revelation
 m - 3 scrolls of immolation
 n - 6 scrolls of vulnerability
 C - a scroll of noise {unknown}
 F - a scroll of torment {unknown}
 G - a scroll of fear {unknown}
 I - a scroll of blinking {unknown}
Potions
 e - 3 potions of heal wounds
 i - a potion of attraction
 j - a potion of brilliance {unknown}
 p - 3 potions of enlightenment {unknown}
 q - a potion of invisibility {unknown}
 r - 3 potions of might {unknown}
 s - 6 potions of curing
 u - 2 potions of mutation {unknown}
 w - 2 potions of berserk rage {unknown}
 x - a potion of haste {unknown}
 z - a potion of resistance {unknown}
 A - a potion of degeneration {unknown}
 D - a potion of ambrosia {unknown}
 K - a potion of cancellation {unknown}
Miscellaneous
 M - a condenser vane (inert)


   Skills:
 + Level 8.2 Fighting
 + Level 9.9 Short Blades
 + Level 6.0 Armour
 + Level 6.2 Dodging
 + Level 10.3 Stealth
 + Level 3.4 Shields
 * Level 8.4 Evocations


You had 10 spell levels left.
You didn't know any spells.
Your spell library contained the following spells:

 Spells                   Type           Power      Damage    Failure   Level
 Apportation              Tloc           0%         N/A       100%        1
 Magic Dart               Conj           0%         1d3       100%        1
 Necrotise                Necr           0%         1d4       100%        1
 Sting                    Conj/Alch      0%         1d3       100%        1
 Summon Small Mammal      Summ           0%         N/A       100%        1
 Blink                    Tloc           0%         N/A       100%        2
 Call Imp                 Summ           0%         N/A       100%        2
 Jinxbite                 Hex            0%         N/A       100%        2
 Inner Flame              Hex/Fire       0%         N/A       100%        3
 Flame Wave               Conj/Fire      0%         2d4       100%        4
 Sticky Flame             Fire/Alch      0%         2d4       100%        4
 Alistair's Intoxication  Alch           0%         N/A       100%        5
 Yara's Violent Unravell  Hex/Alch       0%         3d3       100%        5
 Enfeeble                 Hex            0%         N/A       100%        7


Dungeon Overview and Level Annotations

Branches:
Dungeon (11/15)            Temple (0/1) D:4            Lair (0/5) D:11
    Orc (0/2) D:11

Altars:
Ashenzari
Dithmenos
Fedhas
Hepliaklqana
Qazlal
Trog
Vehumet
Wu Jian
Xom
Zin

Annotations:
D:5 exclusion: statue
D:10 Fannar


Innate Abilities, Weirdness & Mutations

You are small and have problems with some larger weapons.
You are completely attuned to the shadows.
You have a pair of small antennae on your head.
You are mostly covered in iridescent scales. (AC +4)
Your system is resistant to poisons. (rPois)
You are weak. (Str -2)


Message History

The orc hits you but does no damage.
The orc knight roars a battlecry!
The orcs go into a battle-frenzy!
The orc barely misses you.
The vampire casts a spell.
The vampire flickers and vanishes!
Deactivating autopickup; reactivate with Ctrl-A.
You block the orc's attack. The orc misses you. The orc closely misses you.
An orc comes into view. It is wielding a +3 morningstar.
You hear a shout! x2
Unknown command.
Unknown command.
Unknown command.
As you read the scroll labelled DEHEUCH NOASO, it crumbles to dust.
The creatures around you are filled with an inner flame!
It was a scroll of immolation.
The orc closely misses you. The orc warrior barely misses you.
The manticore flicks its tail.
The volley of spikes skewers something.
Flame seeps out of something.
You block the orc's attack. The orc hits you but does no damage.
The orc closely misses you.
The orc priest calls down the wrath of Beogh upon you.
Beogh smites you!
* * * LOW HITPOINT WARNING * * *
Flame seeps out of something.
Something hits you but does no damage. Something bites you but does no damage.
The orc hits you but does no damage.
Unknown command.
Unknown command.
Unknown command.
Unknown command.
Clouds condense from the air!
The condenser dries out!
The orc warrior is engulfed in blazing flames.
Flame seeps out of the orc warrior.
The orc warrior hits you but does no damage.
The orc is engulfed in blazing flames.
The orc explodes!
The fiery explosion engulfs the orc!
The fiery explosion engulfs you!! You resist.
You die...
Xom chortles!

,,,.......,,,*******,,*
**,........,,*,,,,,**,*
*,***,,,*,*,8,,,,,**,******
*,* *,,,,,,,',,,,,*,,,,,,,*
*,* *,,**,*.8.§⌠o.#.,******
**,***,***,*.#§§oo§#.,*
,,,,,,,,,,,,.#oo)o§#.,*
,*,*******,*.#8oo§§#.,*
,*,*******+*.#oo@oo#.,*
,,,**,,,,,,,.#.{oo§#+******
,,,**,,,,,,,o8H§o§!#<,,,,,*
,****,,,,,,,!'§oo§.#.,,,,,*
,* *,,,,,,,.8§.§..#.,,,,,*
,*****,,,,,*,*,,,,,*,,,,,,*
,,,,,,,,,,,,,*******,,,,,,*
,,,,,*,*,*,*****,**,,,,,,,*
,,,,,+,,,,,,,,,,,**,,,,,,,*


You could see an orc knight (inner flame), a manticore (inner flame), 3 orc
warriors, 2 orc priests and 12 orcs.

Vanquished Creatures
  A harpy (D:9)
  Jeremiah (D:7)
  Grinder (D:3)
  A hornet (D:7)
  A slime creature (D:9)
  8 yaks
  5 wyverns
  3 vampire mosquitoes (D:10)
  Grum (D:10)
  Edmund (D:5)
  An acid dragon (D:9)
  2 water moccasins
  An orc warrior (D:7)
  2 sky beasts
  An ogre (D:7)
  A tengu (D:8)
  3 wolves (D:9)
  7 centaurs
  A phantom (D:7)
  Blork the orc (D:6)
  2 bullfrogs (D:7)
  3 gnoll sergeants
  2 scorpions
  5 wights (D:6)
  2 howler monkeys
  5 hounds
  Crazy Yiuf (D:5)
  5 orc priests
  2 jellies
  A sleepcap (D:6)
  Ijyb (D:3)
  4 iguanas
  5 orc wizards
  15 gnolls
  10 adders
  A white imp (D:7)
  2 bombardier beetles
  A worm (D:3)
  2 dart slugs
  21 orcs
  8 endoplasms
  4 giant cockroaches
  5 goblins
  7 hobgoblins
  9 kobolds
  2 quokkas
  13 ball pythons
  14 bats
  2 frilled lizards
  4 rats
201 creatures vanquished.

Vanquished Creatures (collateral kills)
  A gargoyle (D:5)
  A water moccasin (D:8)
  A black bear (D:6)
  A centaur (D:5)
  3 wights (D:4)
  2 gnolls (D:9)
  A ball python (D:1)
  A rat (D:1)
11 creatures vanquished.

Vanquished Creatures (others)
  An eldritch tentacle (D:9)
  A wraith (D:10)
  A bat zombie (D:1)
3 creatures vanquished.

Grand Total: 215 creatures vanquished

Notes
Turn   | Place    | Note
-------+----------+-------------------------------------------
     0 | D:1      | Inarius the Kobold Chaos Knight began the quest for the
                  | Orb.
     0 | D:1      | Reached XP level 1. HP: 14/14 MP: 1/1
   127 | D:1      | Reached XP level 2. HP: 19/19 MP: 2/2
   442 | D:1      | Reached XP level 3. HP: 24/24 MP: 3/3
  1124 | D:2      | Reached skill level 1 in Stealth
  1139 | D:2      | Identified the +5 scale mail of the Swamp {Slay+2}
  1193 | D:2      | Reached skill level 1 in Armour
  1193 | D:2      | Reached XP level 4. HP: 29/29 MP: 4/4
  1213 | D:2      | Reached skill level 5 in Short Blades
  1517 | D:3      | Reached skill level 2 in Stealth
  1638 | D:3      | Noticed Ijyb
  1645 | D:3      | XOM: swap monsters
  1648 | D:3      | Killed Ijyb
  1649 | D:3      | Reached XP level 5. HP: 33/33 MP: 5/5
  1680 | D:3      | XOM: silly message
  1703 | D:3      | Noticed Grinder
  1714 | D:3      | Paralysed by Grinder for 4 turns
  1718 | D:3      | Killed Grinder
  1719 | D:3      | Reached skill level 4 in Stealth
  1719 | D:3      | Reached skill level 1 in Evocations
  1719 | D:3      | Reached XP level 6. HP: 6/39 MP: 6/6
  1873 | D:3      | Found an ornate altar of the Wu Jian Council.
  1968 | D:3      | XOM: cloud trail
  2252 | D:3      | XOM: silly message
  2253 | D:3      | XOM: silly message
  2351 | D:3      | XOM: give mutations
  2351 | D:3      | Gained mutation: You are partially covered in iridescent
                  | scales. (AC +2) [Xom's mischief]
  2351 | D:3      | Gained mutation: You are strong-willed. (Will+) [Xom's
                  | mischief]
  2506 | D:3      | XOM: noise
  2666 | D:4      | Reached XP level 7. HP: 30/44 MP: 7/7
  2676 | D:4      | Reached skill level 5 in Stealth
  2682 | D:4      | Reached skill level 5 in Fighting
  2803 | D:4      | XOM: scenery: summon butterflies
  2862 | D:4      | XOM: scenery: 1 doors open
  2923 | D:4      | XOM: scenery: 1 doors close
  2974 | D:4      | You fall into a shaft and drop 3 floors!
  3039 | D:7      | Found a blossoming altar of Fedhas.
  3054 | D:7      | XOM: scenery: 2 doors close
  3064 | D:7      | Reached skill level 6 in Stealth
  3064 | D:7      | Reached XP level 8. HP: 46/49 MP: 8/8
  3114 | D:7      | Noticed Jeremiah
  3152 | D:7      | XOM: confusion
  3159 | D:7      | XOM: noise
  3199 | D:7      | Killed Jeremiah
  3343 | D:7      | Noticed a hornet
  3477 | D:7      | XOM: summons 3 hostile demons
  3599 | D:7      | Reached skill level 7 in Stealth
  3615 | D:7      | Found a bloodstained altar of Trog.
  3750 | D:6      | Found a shadowy altar of Dithmenos.
  3778 | D:6      | XOM: destruction
  3805 | D:6      | XOM: swap monsters
  3813 | D:6      | Reached XP level 9. HP: 34/55 MP: 9/9
  3985 | D:6      | XOM: summons 3 friendly demons
  4083 | D:6      | Noticed Blork the orc
  4097 | D:6      | Killed Blork the orc
  4157 | D:5      | Entered Level 5 of the Dungeon
  4161 | D:5      | XOM: 1-stop teleportation journey
  4172 | D:5      | Noticed a gargoyle
  4177 | D:5      | XOM: enchant monster (good)
  4180 | D:5      | Found a radiant altar of Vehumet.
  4320 | D:4      | Found a staircase to the Ecumenical Temple.
  4631 | D:4      | XOM: give mutation
  4631 | D:4      | Gained mutation: You have a pair of small antennae on your
                  | head. [Xom's grace]
  4862 | D:5      | Found a broken altar of Ashenzari.
  4942 | D:5      | Found a shimmering altar of Xom.
  5214 | D:5      | Noticed Edmund
  5219 | D:5      | Killed Edmund
  5220 | D:5      | Reached skill level 8 in Stealth
  5220 | D:5      | Reached skill level 5 in Evocations
  5227 | D:5      | XOM: summons 9 friendly demons
  5249 | D:5      | Killed a gargoyle
  5387 | D:5      | XOM: give mutation
  5387 | D:5      | Gained mutation: Your system is resistant to poisons.
                  | (rPois) [Xom's grace]
  5542 | D:5      | XOM: give mutations
  5542 | D:5      | Gained mutation: You are agile. (Dex +4, Str/Int -1) [Xom's
                  | grace]
  5542 | D:5      | Gained mutation: You are partially covered in large bone
                  | plates. (SH +4) [Xom's grace]
  5542 | D:5      | Gained mutation: You have an increased reservoir of magic.
                  | (+10% MP) [Xom's grace]
  5581 | D:5      | Found a runed translucent door.
  5584 | D:5      | Noticed Crazy Yiuf
  5589 | D:5      | Killed Crazy Yiuf
  5985 | D:6      | XOM: cleaving
  6189 | D:6      | XOM: fog
  6311 | D:7      | Paralysed by a hornet for 3 turns
  6319 | D:7      | Killed a hornet
  6320 | D:7      | Reached skill level 9 in Stealth
  6320 | D:7      | Reached XP level 10. HP: 29/63 MP: 11/11
  6412 | D:7      | XOM: 2-stop teleportation journey
  6420 | D:7      | XOM: 4-stop teleportation journey
  6457 | D:7      | XOM: 1-stop teleportation journey
  6621 | D:7      | Found a hazy altar of Hepliaklqana.
  6640 | D:7      | XOM: cleaving
  6646 | D:7      | XOM: scenery: 1 doors close
  7063 | D:7      | XOM: summons 5 hostile demons
  7708 | D:8      | Reached skill level 5 in Dodging
  7722 | D:8      | Reached skill level 1 in Shields
  7724 | D:8      | XOM: cast spell 'Summon Mana Viper'
  8107 | D:8      | XOM: god gift: 3 stones
  8110 | D:8      | XOM: swap monsters
  8112 | D:8      | XOM: polymorph yak -> tengu
  8118 | D:8      | XOM: confuse monster(s)
  8131 | D:8      | Reached skill level 5 in Armour
  8277 | D:8      | Found a glowing silver altar of Zin.
  8488 | D:9      | XOM: cast spell 'Malign Gateway'
  8489 | D:9      | XOM: cleaving
  8503 | D:9      | XOM: noise
  8511 | D:9      | XOM: silly message
  8676 | D:9      | a gnoll sergeant changed into a harpy
  8676 | D:9      | Noticed a harpy
  8676 | D:9      | XOM: polymorph gnoll sergeant -> harpy
  8679 | D:9      | XOM: summons friendly hellwing
  8688 | D:9      | Killed a harpy
  8966 | D:9      | XOM: enchant monster (bad)
  8970 | D:9      | XOM: polymorph howler monkey -> endoplasm
  8997 | D:9      | XOM: cleaving
  9002 | D:9      | XOM: silly message
  9340 | D:9      | Reached skill level 10 in Stealth
  9368 | D:9      | Reached XP level 11. HP: 68/68 MP: 12/12
  9452 | D:9      | XOM: summons friendly quasit
  9548 | D:9      | XOM: summons friendly ufetubus
  9650 | D:9      | XOM: polymorph ufetubus -> shadow imp
  9710 | D:9      | XOM: polymorph shadow imp -> iron imp
  9713 | D:9      | Found a stormy altar of Qazlal.
  9734 | D:10     | Entered Level 10 of the Dungeon
  9735 | D:10     | Noticed Grum
  9835 | D:9      | XOM: cast spell 'Alistair's Intoxication'
 10059 | D:9      | XOM: confusion (+ monsters)
 10065 | D:9      | XOM: divination: detect items
 10256 | D:10     | Killed Grum
 10284 | D:10     | XOM: summons friendly quasit
 10336 | D:10     | XOM: stat loss: -1 Str (9/10)
 10363 | D:10     | XOM: noise
 10404 | D:10     | XOM: swap monsters
 10556 | D:10     | XOM: 9-stop teleportation journey
 10692 | D:10     | Noticed Fannar
 10694 | D:10     | XOM: 7-stop teleportation journey
 10889 | D:10     | XOM: stat loss: -1 Dex (20/21)
 10919 | D:9      | XOM: give mutations
 10919 | D:9      | Lost mutation: You are strong-willed. (Will+) [Xom's
                  | mischief]
 10919 | D:9      | Gained mutation: You are mostly covered in iridescent
                  | scales. (AC +4) [Xom's mischief]
 10919 | D:9      | Lost mutation: You are agile. (Dex +4, Str/Int -1) [Xom's
                  | mischief]
 10919 | D:9      | Lost mutation: You have an increased reservoir of magic.
                  | (+10% MP) [Xom's mischief]
 11268 | D:11     | XOM: give mutations
 11268 | D:11     | Gained mutation: You are weak. (Str -2) [Xom's mischief]
 11268 | D:11     | Lost mutation: You are partially covered in large bone
                  | plates. (SH +4) [Xom's mischief]
 11274 | D:11     | Found a staircase to the Orcish Mines.
 11274 | D:11     | XOM: 1-stop teleportation journey
 11275 | D:11     | Noticed a manticore
 11276 | D:11     | Noticed an orc knight
 11279 | D:11     | Killed by an exploding orc... ignited by their inner flame

Illustrated notes

Levels and vault maps discovered:
D:1:      lemuel_arrival_hallway, layout_basic
D:2:      layout_rooms, minmay_pentomino_q4
D:3:      layout_loops_ring, mainiacjoe_overflow_alcove_1, uniq_grinder,
          uniq_ijyb
D:4:      layout_basic, minmay_temple_entry_crystal_x, roderic_batcave,
          hangedman_abyss_or_decor_stabs
D:5:      kennysheep_big_flooded_room, layout_cave_pools,
          evilmike_ruin_ashenzari, vehumet_statue,
          mainiacjoe_overflow_surrounded_room, roderic_roman_lattice,
          item_on_display_b, uniq_edmund, uniq_crazy_yiuf_cottage
D:6:      layout_basic, nicolae_dithmenos_through_a_glass_darkly,
          uniq_blork_the_orc
D:7:      layout_loops_cross, worldfamousw_hep_ancestral_shrine,
          amcnicky_altar_gilded, kennysheep_little_box,
          kennysheep_opposing_triangles, uniq_jeremiah
D:8:      layout_basic, zin_statuary
D:9:      layout_long_grid, kennysheep_mini
D:10:     layout_loops_ring, uniq_fannar, uniq_grum
D:11:     layout_basic, dpeg_oklobed_lair, david_orc_5,
          nrook_guardian_serpent_double

Skill      XL: |  1  2  3  4  5  6  7  8  9 10 11 |
---------------+----------------------------------+-----
Fighting       | 4 5 6 7 8 |  8.2
Stealth        | 1 2 4 6 7 9 10 | 10.3
Armour         | 1 2 3 4 5 6 |  6.0
Short Blades   | 5 6 7 8 9 |  9.9
Dodging        | 3 4 5 6 |  6.2
Evocations     | 1 2 3 4 5 7 8 |  8.4
Shields        | 1 3 |  3.4

Action                     |  1- 3 |  4- 6 |  7- 9 | 10-12 || total
---------------------------+-------+-------+-------+-------++-------
  Melee: Short sword       |    84 |    98 |   295 |   469 ||   946
         Punch             |     3 |     6 |     5 |     9 ||    23
  Evoke: Wand              |       |       |     6 |     8 ||    14
         Condenser vane    |       |       |       |     1 ||     1
    Use: Scroll            |       |       |     6 |     7 ||    13
         Potion            |       |       |     1 |     2 ||     3
   Stab: Sleeping          |     9 |    10 |    14 |     8 ||    41
         Distracted        |     1 |       |     4 |     4 ||     9
         Confused          |       |     3 |     2 |     5 ||    10
         Paralysed         |       |       |     1 |     1 ||     2
         Held in net/web   |       |       |       |     1 ||     1
 Armour: Leather armour    |    14 |     6 |       |       ||    20
         Scale mail        |       |    30 |   138 |   238 ||   406
  Dodge: Dodged            |    48 |    50 |   148 |   199 ||   445
  Block: Other             |       |       |     5 |    38 ||    43
         Kite shield       |       |       |       |   158 ||   158

Table legend: (Time is in decaauts)
 A = Elapsed time spent in this place.
 B = Non-inter-level travel time spent in this place.
 C = Inter-level travel time spent in this place.
 D = Time resting spent in this place.
 E = Time spent auto-exploring this place.
 F = Levels seen in this place.
 G = Mean time per level.
                   A        B        C        D        E       F      G
               +--------+--------+--------+--------+--------+-----+--------+
         Total |  10985 |  10516 |    469 |   1609 |   6760 |  11 |  998.6 |
       Dungeon |  10985 |  10516 |    469 |   1609 |   6760 |  11 |  998.6 |
               +--------+--------+--------+--------+--------+-----+--------+

Top non-repeatable levels by time:
     D:9: 1833 daAuts
     D:7: 1569 daAuts
     D:6: 1178 daAuts
     D:8: 1140 daAuts
     D:3: 1085 daAuts
     D:1: 997 daAuts
     D:5: 944 daAuts
     D:4: 892 daAuts
    D:10: 868 daAuts
     D:2: 450 daAuts
    D:11: 24 daAuts
